Map: Dusk Towers

Players

capac - Winner!

  • Race: Terran Terran
  • League: Gold

ANWI

  • Race: Zerg Zerg
  • League: Gold

VOD

Have the link to the VOD?

Description

Time

  • Played on: Feb. 16, 2016, 3 p.m.
  • Length: 13:02
Show
View Real Time Build Order
Export as new Build Order

capac Terran - Winner!

Build Orders: Bio Tank 

Get SALT Encoding   

  12  0:01  SCV  
  13  0:13  SCV  
  14  0:18  Supply Depot  
  14  0:25  SCV  
  15  0:40  SCV  
  15  0:42  Barracks  
  16  0:47  Refinery  
  16  0:53  SCV  
  17  1:07  SCV  
  18  1:30  Supply Depot  
  18  1:36  Command Center  
  18  1:45  Marine  
  19  1:49  Factory  
  19  1:55  SCV  
  20  2:03  Marine  
  21  2:10  SCV  
  22  2:21  Marine  
  22  2:22  SCV  
  23  2:38  Orbital Command  
  23  2:40  Marine, Factory Tech Lab  
  24  2:49  Orbital Command  
  24  2:57  Refinery  
  24  3:00  Marine  
  24  3:02  Barracks  
  25  3:07  SCV  
  26  3:19  SCV x2  
  28  3:21  Marine  
  28  3:23  Siege Tank  
  32  3:31  SCV  
  32  3:32  SCV  
  34  3:38  Marine  
  35  3:43  SCV  
  35  3:44  SCV  
  37  3:51  Starport  
  37  3:52  Barracks Tech Lab  
  37  3:59  Siege Tank  
  40  4:03  Marine  
  40  4:07  SCV  
  40  4:09  SCV  
  43  4:12  Supply Depot  
  43  4:16  Liberator  
  43  4:19  SCV  
  43  4:22  Refinery, SCV  
  45  4:34  Supply Depot, Hellion  
  45  4:37  Barracks  
  45  4:38  SCV x2  
  52  4:49  Marine  
  52  4:50  SCV  
  54  4:56  SCV  
  54  4:57  Supply Depot  
  54  4:58  Supply Depot  
  55  5:02  SCV  
  56  5:08  Siege Tank, SCV  
  56  5:10  Marine  
  61  5:27  Barracks Reactor  
  61  5:28  Barracks  
  61  5:30  Starport Reactor  
  61  5:32  Marine  
  61  5:33  Supply Depot, Marine  
  61  5:35  Stimpack  
  63  5:40  Siege Tank  
  66  5:50  Marine x2  
  66  5:54  Liberator  
  71  6:13  Marine  
  71  6:14  Marine  
  71  6:15  Marine  
  71  6:17  Barracks Reactor  
  74  6:21  Siege Tank  
  77  6:34  Marine x2  
  77  6:36  Marine  
  77  6:38  SCV x2  
  82  6:40  Supply Depot x2  
  82  6:50  Reaper, SCV x2  
  82  6:51  Command Center  
  82  6:52  Refinery  
  82  6:53  Marine x2  
  87  7:05  Supply Depot  
  87  7:06  Barracks Reactor  
  87  7:08  Supply Depot  
  87  7:11  Marine x2  
  87  7:12  Medivac x2  
  93  7:28  Engineering Bay  
  93  7:33  Supply Depot, Engineering Bay  
  93  7:35  SCV x2  
  93  7:36  Marine  
  93  7:37  Marine x2  
  96  7:40  Marine x2  
  100  7:44  Medivac  
  100  7:45  Medivac  
  100  7:50  Supply Depot  
  100  7:51  SCV  
  105  7:54  Marine x2  
  107  7:58  Marine x3  
  107  7:59  Marine  
  111  8:15  Siege Tank  
  111  8:17  Marine x4  
  111  8:18  Marine x2  
  111  8:19  Marine  
  121  8:24  Combat Shields  
  121  8:30  Orbital Command  
  121  8:38  SCV x2  
  123  8:44  Supply Depot  
  123  8:50  Command Center  
  123  9:00  SCV  
  124  9:05  Siege Tank  
  124  9:08  Medivac  
  124  9:09  Medivac  
  131  9:11  Supply Depot  
  131  9:14  Supply Depot  
  131  9:16  Terran Infantry Weapons Level 1, Terran Infantry Armor Level 1  
  131  9:18  Armory  
  131  9:20  Supply Depot  
  131  9:21  SCV x3  
  134  9:26  Marine x4  
  134  9:27  Marine x2  
  134  9:28  Marine  
  141  9:33  SCV x2  
  141  9:34  Supply Depot, SCV  
  141  9:35  Refinery  
  144  9:38  Liberator x2  
  144  9:44  Marine x5  
  149  9:53  Siege Tank  
  126  10:19  Marine x4  
  126  10:20  Marine x3  
  129  10:25  Siege Tank  
  132  10:37  Marine x5  
  132  10:38  Marine x2  
  139  10:58  Liberator x2  
  139  11:00  Marine  
  139  11:01  Marine x6  
  146  11:14  Siege Tank  
  155  11:18  Marine x2  
  155  11:19  Marine x5  
  151  11:36  Marine  
  152  11:43  Marine x2  
  152  11:44  Marine x4  
  152  11:46  Siege Tank  
  161  11:54  Marine  
  162  12:01  Marine x2  
Show
View Real Time Build Order
Export as new Build Order

ANWI Zerg 

Build Orders: Hatch First 

Get SALT Encoding   

  12  0:01  Drone  
  13  0:12  Overlord  
  13  0:17  Drone  
  14  0:30  Drone x2  
  14  0:34  Drone  
  17  0:55  Hatchery, Drone  
  17  0:59  Drone  
  17  1:02  Extractor  
  17  1:07  Drone  
  18  1:17  Drone  
  19  1:21  Spawning Pool  
  18  1:28  Drone  
  19  1:39  Overlord  
  19  1:54  Drone  
  20  2:07  Queen x2  
  24  2:09  Zergling x4  
  24  2:10  Metabolic Boost  
  26  2:17  Drone  
  26  2:18  Drone  
  28  2:24  Drone  
  28  2:28  Drone  
  30  2:32  Drone  
  31  2:38  Evolution Chamber  
  31  2:41  Baneling Nest, Drone  
  30  2:46  Overlord  
  30  2:53  Drone  
  30  2:56  Drone  
  32  3:01  Drone  
  33  3:11  Zerg Melee Weapons Level 1  
  33  3:15  Zergling x6  
  33  3:19  Zergling x6  
  39  3:21  Zergling x6  
  42  3:28  Zergling x2, Baneling  
  42  3:33  Baneling  
  43  3:37  Zergling x2  
  43  3:38  Overlord  
  44  3:42  Overlord  
  44  3:49  Extractor  
  44  3:50  Drone  
  44  3:51  Overlord  
  44  3:57  Baneling x2  
  44  3:59  Baneling  
  44  4:08  Zergling x8  
  44  4:09  Zergling x4  
  49  4:27  Drone x5  
  54  4:33  Lair  
  54  4:39  Drone x2  
  54  4:42  Drone  
  56  4:53  Drone x2  
  56  4:54  Drone x2  
  56  4:56  Hatchery  
  59  5:04  Extractor, Drone x4  
  62  5:14  Drone x2  
  64  5:17  Zerg Ground Armor Level 1  
  64  5:40  Drone x2  
  64  5:41  Extractor, Drone  
  64  5:42  Drone  
  67  5:47  Overlord x2  
  67  5:48  Overlord x2  
  67  5:49  Spire  
  66  5:53  Zergling x2  
  66  5:54  Overlord  
  67  6:00  Overlord  
  66  6:11  Zergling x12  
  71  6:19  Zergling x4, Hydralisk Den  
  71  6:24  Overlord x2  
  74  6:35  Queen  
  74  6:39  Zergling x2  
  76  6:40  Zergling x4  
  77  6:57  Hydralisk x3  
  77  6:58  Hydralisk x4  
  91  7:01  Zerg Flyer Weapons Level 1  
  91  7:02  Mutalisk  
  91  7:04  Extractor  
  91  7:06  Mutalisk  
  94  7:15  Drone x6  
  100  7:20  Overlord x3  
  100  7:23  Hydralisk  
  100  7:27  Drone x2  
  104  7:38  Zerg Melee Weapons Level 2  
  104  7:40  Muscular Augments  
  104  7:45  Drone x4  
  104  7:50  Spore Crawler  
  107  7:55  Corruptor x2  
  107  7:56  Spore Crawler  
  110  8:04  Extractor  
  109  8:07  Zergling x4, Mutalisk  
  109  8:11  Spore Crawler  
  112  8:15  Mutalisk  
  112  8:18  Zergling x2  
  115  8:23  Hydralisk x3  
  115  8:25  Zergling x6  
  115  8:26  Zergling x4  
  126  8:37  Drone x3  
  126  8:38  Drone  
  130  8:44  Hatchery  
  129  8:56  Mutalisk x4  
  129  8:59  Overlord x2  
  137  9:20  Baneling x2  
  137  9:21  Baneling x8  
  137  9:22  Zergling x2, Baneling, Mutalisk x2  
  137  9:23  Zergling x4  
  137  9:24  Zergling x6  
  147  9:29  Drone  
  148  9:32  Zerg Flyer Weapons Level 2  
  148  9:41  Zergling x8  
  148  9:42  Extractor  
  150  9:51  Mutalisk x2  
  150  9:52  Overlord, Extractor  
  87  10:17  Zergling x10, Mutalisk x4  
  84  10:30  Zergling x6  
  84  10:31  Zergling x6  
  90  10:36  Baneling x6  
  90  10:37  Baneling x2, Mutalisk  
  90  10:39  Zergling x4  
  90  10:41  Zergling x2  
  93  10:51  Zergling x8  
  93  10:54  Mutalisk  
  99  10:59  Queen  
  101  11:05  Zergling x2  
  101  11:06  Zergling x6  
  105  11:13  Baneling x2  
  105  11:14  Baneling x5  
  105  11:16  Zergling x12  
  84  11:31  Zergling x16  
  79  11:36  Zergling x6  
  79  11:37  Zergling x6  
  76  11:51  Zergling x2  
  76  11:52  Zergling x2  
  67  11:55  Baneling x3  
  67  11:58  Spine Crawler, Zergling x6  
  67  11:59  Zergling x6  
  39  12:38  Zergling x12  
Tags
 
Composition
Bio Tank
League
GoldGold
Matchup
TvZ
Add a new tag
Caveats
  • Supply blocks, unpowered buildings, or Contaminate may cause inaccurate times.
  • Supply counts are checked every 10 seconds.